 Dungeon Crawl Stone Soup version 0.19.1 (webtiles) character file.

79 equalderp2856 the Scratcher (level 4, -5/21 HPs)
             Began as a Felid Fighter on Nov 27, 2016.
             Killed from afar by an orc wizard (7 damage)
             ... with a puff of frost
             ... on level 3 of the Dungeon.
             The game lasted 00:08:25 (3557 turns).

equalderp2856 the Scratcher (Felid Fighter)         Turns: 3557, Time: 00:08:26

Health: -5/21      AC:  1    Str: 13    XL:     4   Next: 17%
Magic:  5/5        EV: 20    Int:  9    God:
Gold:   113        SH:  0    Dex: 15    Spells: 0 memorised, 3 levels left
                                        Lives:  0   Deaths: 1

rFire  . . .     SeeInvis +       - Unarmed
rCold  . . .     Gourm    .     (armour unavailable)
rNeg   . . .     Faith    .     (shield unavailable)
rPois  .         Spirit   .     (helmet unavailable)
rElec  .         Reflect  .     (cloak unavailable)
rCorr  .         Harm     .     (gloves unavailable)
MR     .....                    (boots unavailable)
Stlth  ++........               (no amulet)
                                (no ring)
                                (no ring)

@: quick
A: no armour, no weapons or thrown items, stealth, claws 1, fangs 3, see
invisible, carnivore 3, speed 1, shaggy fur 1, slow metabolism 1, sharp paws
a: no special abilities


You were on level 3 of the Dungeon.
You were not hungry.

You visited 1 branch of the dungeon, and saw 3 of its levels.

You collected 113 gold pieces.

Inventory:

Missiles
 e - 3 javelins
 n - 55 arrows
Scrolls
 c - 2 scrolls of identify {unknown}
 d - 2 scrolls of amnesia {unknown}
 i - 2 scrolls of teleportation {unknown}
 k - a scroll of noise {unknown}
 m - 2 scrolls of remove curse {unknown}
Potions
 a - a potion of might
 f - 2 potions of haste {unknown}
 g - 3 potions of berserk rage {unknown}
 h - 3 potions of degeneration {unknown}
 j - 2 potions of curing {unknown}
 l - a potion of ambrosia {unknown}
 o - 2 potions of agility {unknown}
Comestibles
 b - a meat ration


   Skills:
 + Level 3.3 Fighting
 + Level 4.9 Dodging
 + Level 2.0 Stealth
 + Level 5.4 Unarmed Combat


You had 3 spell levels left.
You didn't know any spells.

Dungeon Overview and Level Annotations

Branches:
Dungeon (3/15)

Altars:
Cheibriados
Hepliaklqana
Yredelemnul

Annotations:
D:3 Robin


Innate Abilities, Weirdness & Mutations

You cannot wear armour.
You are incapable of wielding weapons or throwing items.
Your paws allow you to move quietly. (Stealth)
You have sharp claws.
You have razor-sharp teeth.
You have supernaturally acute eyesight. (SInv)
You are carnivorous and can eat meat at any time.
You cover ground quickly.
You are covered in fur. (AC +1)
You have a slow metabolism.
Your sharp claws are effective at attacking unaware monsters.


Message History

The orc throws a poisoned tomahawk.
The poisoned tomahawk barely misses you.
You see here a poisoned tomahawk.
You start resting.
The orc wizard shouts!
The orc closely misses you.
You barely miss the orc. The orc misses you.
You completely miss the orc.
The orc wizard gestures wildly while chanting.
The orc wizard seems to speed up.
The orc hits you with a short sword.
* * * LOW HITPOINT WARNING * * *
You closely miss the orc. The orc closely misses you.
You claw the orc!
You kill the orc!
The orc wizard casts a spell.
You claw the orc wizard!
The orc wizard is heavily wounded.
The orc wizard casts a spell at you. The puff of frost hits you!
You die...

#########...####### ..
##.................#...
#......................
#......o(..............
#......#...............
#......#)..####.#......
###.....#)...............
#......o#)...#...........
#.......@....#.......#...
#........>......o....# ..
##..........##.......# .
#..........##...#....
#............ .#
###...........
#............
#####........


You could see an orc wizard.

Vanquished Creatures
  An orc wizard (D:3)
  2 adders (D:2)
  4 dart slugs (D:1)
  A leopard gecko (D:3)
  8 orcs (D:3)
  7 bats
  3 giant cockroaches
  8 goblins
  13 hobgoblins
  13 kobolds
  2 quokkas
  A ball python (D:3)
  5 frilled lizards
  6 rats
74 creatures vanquished.

Notes
Turn   | Place    | Note
-------+----------+-------------------------------------------
     0 | D:1      | equalderp2856 the Felid Fighter began the quest for the Orb.
     0 | D:1      | Reached XP level 1. HP: 10/10 MP: 2/2
   305 | D:1      | Reached XP level 2. HP: 14/14 MP: 3/3
  1333 | D:1      | Reached XP level 3. HP: 9/17 MP: 4/4
  2269 | D:2      | Reached skill level 5 in Unarmed Combat
  2297 | D:2      | Found a faded altar of an unknown god.
  2332 | D:2      | Reached XP level 4. HP: 21/21 MP: 5/5
  2496 | D:2      | Found a snail-covered altar of Cheibriados.
  2529 | D:2      | Reached skill level 1 in Stealth
  2814 | D:3      | Noticed Robin
  3193 | D:3      | Found a hazy altar of Hepliaklqana.
  3193 | D:3      | Found a basalt altar of Yredelemnul.
  3499 | D:3      | HP: 1/21 [orc wizard/puff of frost (8)]
  3502 | D:3      | Hit by a poisoned tomahawk thrown by an orc
  3503 | D:3      | Reached XP level 3. HP: -5/17 MP: 4/4
  3527 | D:3      | Reached XP level 4. HP: 3/21 MP: 5/5
  3557 | D:3      | Killed from afar by an orc wizard

Skill      XL: |  1  2  3  4 |
---------------+-------------+-----
Unarmed Combat | 5 |  5.4
Stealth        | 2 |  2.0
Fighting       | |  3.3
Dodging        | |  4.9

Action                   |  1- 3 |  4- 6 || total
-------------------------+-------+-------++-------
Melee: Unarmed           |   127 |    85 ||   212
       Bite              |    11 |     5 ||    16
       Punch             |     1 |     2 ||     3
 Stab: Distracted        |     1 |       ||     1
       Sleeping          |     1 |       ||     1
  Eat: Chunk             |     2 |     6 ||     8
Armor: Skin              |     8 |     3 ||    11
Dodge: Dodged            |   118 |    63 ||   181
